 Dungeon Crawl Stone Soup version 0.28.0-53-g5a82cb258f (webtiles) character file.

Game seed: 17357457560347783218

173 H0rd4k the Charlatan (level 5, -3/38 HPs)
             Began as a Human Artificer on July 20, 2022.
             Engulfed by a steam dragon's steam (12 damage)
             ... on level 6 of the Dungeon.
             The game lasted 00:05:23 (4394 turns).

H0rd4k the Charlatan (Human Artificer)              Turns: 4394, Time: 00:05:24

Health: -3/38      AC: 13    Str: 13    XL:     5   Next: 83%
Magic:  6/6        EV: 10    Int: 10    God:
Gold:   142        SH:  0    Dex: 18    Spells: 4/6 levels left

rFire   . . .      SeeInvis .   q - +0 flail
rCold   . . .      Faith    .   (no shield)
rNeg    . . .      Spirit   .   n - +1 scale mail "Mimap" {Int-3 Dex+5}
rPois   .          Reflect  .   m - +1 helmet
rElec   .          Harm     .   (no cloak)
rCorr   .          Rampage  .   (no gloves)
Will    .....                   (no boots)
Stlth   +.........              (no amulet)
HPRegen 0.12/turn               f - +4 ring of protection
MPRegen 0.10/turn               (no ring)

@: weak-willed
A: no striking features
a: no special abilities


You were on level 6 of the Dungeon.
You visited 1 branch of the dungeon, and saw 4 of its levels.

You collected 142 gold pieces.

Inventory:

Hand Weapons
 q - a +0 flail (weapon)
Armour
 b - a +0 leather armour
 m - a +1 helmet (worn)
 n - the +1 scale mail "Mimap" (worn) {Int-3 Dex+5}
   (You found it on level 3 of the Dungeon)

   Int:       It affects your intelligence (-3).
   Dex:       It affects your dexterity (+5).
Jewellery
 f - a +4 ring of protection (left hand)
 l - a +6 ring of strength
Wands
 d - a wand of charming (12)
Scrolls
 i - a scroll of identify
Potions
 h - a potion of heal wounds {unknown}
 j - 2 potions of curing
 k - a potion of brilliance {unknown}
 o - 2 potions of degeneration {unknown}
 p - 2 potions of attraction {unknown}
Miscellaneous
 e - a piece from Xom's chessboard (15/15)


   Skills:
 + Level 1.7 Fighting
 + Level 2.5 Maces & Flails
 - Level 2.0 Armour
 + Level 2.2 Dodging
 - Level 1.0 Stealth
 * Level 1.0 Spellcasting
 * Level 1.2 Translocations
 + Level 4.0 Evocations


You had 4 spell levels left.
You knew the following spells:

 Your Spells              Type           Power      Damage    Failure   Level
a - Blink                 Tloc           6%         N/A       82%         2

Your spell library contained the following spells:

 Spells                   Type           Power      Damage    Failure   Level
 Foxfire                  Conj/Fire      0%         2x1d4     85%         1
 Lesser Beckoning         Tloc           3%         N/A       96%         3
 Manifold Assault         Tloc           3%         N/A       100%        5


Dungeon Overview and Level Annotations

Branches:
Dungeon (3/15)

Altars:
Trog

Shops:
D:1 [   D:3 =

Annotations:
D:1 exclusion: downstairs
D:2 Sigmund


Message History

The steam dragon hisses angrily. 2 gnolls come into view.
Found a stone staircase leading up.
The gnoll shouts! x2; You hear a shout!
A bullfrog skeleton comes into view.
A gnoll sergeant comes into view. It is wielding a +0 spear.
The gnoll sergeant shouts!
As you read the scroll labelled IRUEZA WOOBI, it crumbles to dust.
Magic quickly surges around you.
It was a scroll of vulnerability.
As you read the scroll labelled ISIUWI WUFE, it crumbles to dust.
It is a scroll of identify.
j - 2 potions of curing The bullfrog skeleton barely misses you.
As you read the scroll labelled HEETUT VIWK, it crumbles to dust.
You hear a loud clanging noise!
It was a scroll of noise.
You hear a shout!
The bullfrog skeleton completely misses you.
The steam dragon breathes steam at you. The ball of steam hits you!
As you read the scroll labelled CEPORU AHAILL, it crumbles to dust.
You assume a fearsome visage.
The gnoll sergeant looks frightened!
The gnoll looks frightened! x2; The bullfrog skeleton is unaffected.
It was a scroll of fear.
You are engulfed in a cloud of scalding steam.
Unknown command.
Aiming: Charm
Press: ? - help, Shift-Dir - straight line, f - steam dragon
Aim: a steam dragon (steam, weak-willed, chance to affect: 67%)
The steam dragon is charmed.
You are engulfed in a cloud of scalding steam.
* * * LOW HITPOINT WARNING * * *
A gnoll comes into view. It is wielding a +0 club.
A gnoll comes into view. It is wielding a +0 halberd.
Really walk into that cloud of steam?
Okay, then.
Really walk into that cloud of steam?
You swap places.
You are engulfed in a cloud of scalding steam.
You die...

#?# #.# .#
#.###.## .# #
#.##...###.#
#######..........#
#................#
........#.......#
#.#####.##...#..#
..# #.###.###ยง##
..#####.##.##
##@## ........#.#
##D# ........##
#Z## ######..# #g#
#..# #g# ###..


.gg ....# ##. ##### g ..... #. You could see a friendly steam dragon (charmed,
weak-willed).

Vanquished Creatures
  Natasha (twice) (D:3)
  Robin (D:2)
  An adder (D:2)
  A worm (D:1)
  2 dart slugs
  5 orcs (D:3)
  4 giant cockroaches
  13 goblins
  8 hobgoblins
  6 jackals (D:1)
  7 quokkas
  7 ball pythons
  6 bats
  A frilled lizard (D:1)
  7 kobolds
  5 rats
76 creatures vanquished.

Vanquished Creatures (collateral kills)
  A gnoll (D:2)
1 creature vanquished.

Vanquished Creatures (others)
  2 gnolls (D:2)
  A bat (D:2)
3 creatures vanquished.

Grand Total: 80 creatures vanquished

Notes
Turn   | Place    | Note
-------+----------+-------------------------------------------
     0 | D:1      | H0rd4k the Human Artificer began the quest for the Orb.
     0 | D:1      | Reached XP level 1. HP: 15/15 MP: 1/1
   262 | D:1      | Found a faded altar of an unknown god.
   271 | D:1      | Got Plato's Compendium of the Arsonist
   424 | D:1      | Reached XP level 2. HP: 21/21 MP: 2/2
   926 | D:1      | Found Silebbul's Armour Boutique.
   941 | D:1      | Reached XP level 3. HP: 23/26 MP: 3/3
   944 | D:1      | Learned a level 2 spell: Blink
  1493 | D:1      | Reached skill level 1 in Maces & Flails
  1672 | D:2      | Reached XP level 4. HP: 20/32 MP: 4/4
  1690 | D:2      | Noticed Sigmund
  2342 | D:2      | Noticed Robin
  3373 | D:2      | Killed Robin
  3374 | D:2      | Reached skill level 4 in Evocations
  3471 | D:3      | Reached XP level 5. HP: 37/37 MP: 5/5
  3539 | D:3      | Identified the +1 scale mail "Mimap" {Int-3 Dex+5}
  3590 | D:3      | Found Larchoha's Jewellery Shoppe.
  3777 | D:3      | Noticed Natasha
  3780 | D:3      | Killed Natasha
  3845 | D:3      | Noticed Natasha
  3852 | D:3      | Killed Natasha
  3853 | D:3      | Reached skill level 1 in Translocations
  3890 | D:3      | Reached skill level 1 in Spellcasting
  4358 | D:3      | Found a bloodstained altar of Trog.
  4361 | D:3      | You fall into a shaft and drop 3 floors!
  4379 | D:6      | Noticed a steam dragon
  4394 | D:6      | Engulfed by a steam dragon's steam

Illustrated notes

Levels and vault maps discovered:
D:1:      lightli_arrival_boilingwater, layout_loops_ring,
          shapermc_ecumenical_altar_rom_forum, serial_shops, shop
D:2:      layout_rooms, chequers_avenue, chequers_serial_rivers_small_3,
          chequers_mini_garden, uniq_robin, uniq_sigmund
D:3:      kb_forest_paths, layout_loops_cross, general_overflow_altar,
          gammafunk_ghost_arena, serial_shops, nicolae_shop_hallway_plus,
          wad_orctagon, uniq_natasha
D:6:      layout_loops_ring

Skill      XL: |  1  2  3  4  5 |
---------------+----------------+-----
Maces & Flails | 1 2 |  2.5
Evocations     | 4 |  4.0
Dodging        | 2 |  2.2
Translocations | 1 |  1.2
Spellcasting   | 1 |  1.0
Fighting       | |  1.7
Armour         | |  2.0
Stealth        | |  1.0

Action                   |  1- 3 |  4- 6 || total
-------------------------+-------+-------++-------
Melee: Club              |   182 |   198 ||   380
       Punch             |     2 |     3 ||     5
       Flail             |       |    21 ||    21
Evoke: Wand              |     6 |    12 ||    18
       Piece from Xom's  |       |     1 ||     1
  Use: Scroll            |       |     4 ||     4
 Stab: Sleeping          |     2 |     2 ||     4
Armor: Leather armour    |    99 |   103 ||   202
       Scale mail        |       |    42 ||    42
Dodge: Dodged            |   153 |   193 ||   346
